 Dungeon Crawl Stone Soup version 0.26.1-2-gb8aa6d0cf2 (webtiles) character file.

Game seed: 17734226664497776454

415 Goaboa the Conjurer (level 6, -3/34 HPs)
             Began as a Tengu Conjurer on Mar 2, 2021.
             Killed from afar by an orc wizard (6 damage)
             ... with a magic dart
             ... on level 4 of the Dungeon.
             The game lasted 00:15:32 (3552 turns).

Goaboa the Conjurer (Tengu Conjurer)                Turns: 3552, Time: 00:15:33

Health: -3/34      AC:  3    Str:  8    XL:     6   Next: 92%
Magic:  2/12       EV: 14    Int: 20    God:
Gold:   163        SH:  0    Dex: 12    Spells: 6/12 levels left

rFire    . . .     SeeInvis .   (no weapon)
rCold    . . .     Faith    .   (no shield)
rNeg     . . .     Spirit   .   a - +1 robe
rPois    .         Reflect  .   (helmet restricted)
rElec    .         Harm     .   (no cloak)
rCorr    .         Rampage  .   (no gloves)
Will     .....                  (boots unavailable)
Stlth    ++........             r - amulet of inaccuracy (curse)
HPRegen  0.11/turn              (no ring)
MPRegen  0.13/turn              (no ring)

@: no status effects
A: beak, talons 3, able to fly
a: Fly


You were on level 4 of the Dungeon.
You visited 1 branch of the dungeon, and saw 4 of its levels.

You collected 163 gold pieces.

Inventory:

Armour
 a - a +1 robe (worn)
Jewellery
 d - an uncursed amulet of faith
 r - a cursed amulet of inaccuracy (around neck)
 s - an uncursed amulet of magic regeneration {unknown}
Wands
 b - a wand of paralysis (8)
 o - a wand of digging (5)
 p - a wand of flame (13)
Scrolls
 e - 2 scrolls of enchant armour
 f - a scroll of enchant weapon
 g - a scroll of fog
 h - a scroll of identify
 l - a scroll of magic mapping
Potions
 c - 4 potions of brilliance
 i - 3 potions of curing {unknown}
 j - a potion of cancellation {unknown}
 k - a potion of flight {unknown}
 m - a potion of heal wounds {unknown}
 n - a potion of berserk rage {unknown}
 q - a potion of resistance {unknown}


   Skills:
 + Level 1.5 Fighting
 + Level 4.1 Dodging
 + Level 4.0 Stealth
 + Level 0.7 Unarmed Combat
 + Level 3.5 Spellcasting
 + Level 6.9 Conjurations


You had 6 spell levels left.
You knew the following spells:

 Your Spells              Type           Power        Failure   Level
a - Magic Dart            Conj           100%         1%          1
f - Dazzling Flash        Conj/Hex       34%          10%         3
z - Searing Ray           Conj           62%          1%          2

Your spell library contained the following spells:

 Spells                   Type           Power        Failure   Level
 Fulminant Prism          Conj/Hex       8%           32%         4
 Iskenderun's Mystic Bla  Conj/Tloc      17%          32%         4


Dungeon Overview and Level Annotations

Branches:
Dungeon (4/15)
 Temple: D:4-7

Altars:
Ashenzari
Fedhas
Hepliaklqana
Makhleb


Innate Abilities, Weirdness & Mutations

You have a beak for a mouth.
You have claws for feet.
You can fly continuously.


Message History

You feel less confused. The orc wizard misses you.
Found an escape hatch in the floor.
The orc wizard casts a spell at you. The puff of flame hits you!
* * * LOW HITPOINT WARNING * * *
The orc wizard points at itself and mumbles some strange words.
The orc wizard flickers and vanishes!
Deactivating autopickup; reactivate with Ctrl-A.
A magic dart appears from out of thin air!
The magic dart hits you.
* * * LOW HITPOINT WARNING * * *
There is a stone staircase leading up here.
Casting: Searing Ray (safe; 1% risk of failure)
Confirm with . or Enter, or press ? or * to list all spells.
Okay, then.
You can't go down here!
A magic dart appears from out of thin air!
The magic dart hits you.
You die...

*..** *#.........,,,,,,,**,*
..#*## #.......#*,.......,**
>.##.# #...>...##*.......,*
*....# #...##...##.......,*
#....* ##...##..##........,*
...#.#*#....#.............,*
...#..##..#.#...........#***
<.##.....##..{.........#*
.#####.####.....@..#...#
..#....####.......##...##
....)...##..............##
........#...####.####....## ###
#..#.)......##.....##.....#####.#
#..#.#......#.......#............
...#.#.####.#.......#...#........
.....#.## #....._...†...##.......
.#...#..###o#.......#.####.†..#..


There were no monsters in sight!

Vanquished Creatures
  A scorpion (D:4)
  An orc wizard (D:4)
  A bullfrog skeleton (D:4)
  Natasha (thrice) (D:3)
  2 worker ants
  7 gnolls
  3 adders
  A worm (D:2)
  2 dart slugs
  12 orcs
  8 bats
  2 giant cockroaches
  7 goblins
  4 hobgoblins
  10 jackals
  3 ball pythons
  7 frilled lizards
  A jackal skeleton (D:4)
  7 kobolds
  5 rats
87 creatures vanquished.

Notes
Turn   | Place    | Note
-------+----------+-------------------------------------------
     0 | D:1      | Goaboa the Tengu Conjurer began the quest for the Orb.
     0 | D:1      | Reached XP level 1. HP: 10/10 MP: 4/4
   115 | D:1      | Reached XP level 2. HP: 15/15 MP: 4/6
   118 | D:1      | Learned a level 2 spell: Searing Ray
   710 | D:2      | Reached XP level 3. HP: 19/19 MP: 7/7
   909 | D:2      | Reached XP level 4. HP: 24/24 MP: 4/8
   912 | D:2      | Reached skill level 6 in Conjurations
  1051 | D:2      | Found a broken altar of Ashenzari.
  1868 | D:3      | Gained mutation: You can fly continuously. [Tengu growth]
  1868 | D:3      | Reached XP level 5. HP: 28/28 MP: 7/10
  1872 | D:3      | Learned a level 3 spell: Dazzling Flash
  1893 | D:3      | Noticed Natasha
  1896 | D:3      | Killed Natasha
  2383 | D:3      | Noticed Natasha
  2386 | D:3      | Killed Natasha
  2545 | D:3      | Found a blossoming altar of Fedhas.
  2545 | D:3      | Found a broken altar of Ashenzari.
  2546 | D:3      | Found a hazy altar of Hepliaklqana.
  2646 | D:4      | Reached XP level 6. HP: 26/33 MP: 2/11
  2697 | D:4      | Reached skill level 1 in Fighting
  2953 | D:3      | Noticed Natasha
  2960 | D:3      | Killed Natasha
  3101 | D:4      | Found a burning altar of Makhleb.
  3552 | D:4      | Killed from afar by an orc wizard

Illustrated notes

Levels and vault maps discovered:
D:1:      psy_arrival_dodecagon, layout_rooms
D:2:      layout_loops_ring, chequers_arboretum, evilmike_ruin_ashenzari
D:3:      layout_basic, gammafunk_temple_overflow_claw, uniq_natasha
D:4:      wander_river, layout_cave_pools, old_standard_altar,
          hangedman_decor_opposing, amethyst_killhole, okawaru_metal_pillars_3

Skill      XL: |  1  2  3  4  5  6 |
---------------+-------------------+-----
Dodging        | 3 4 |  4.1
Conjurations   | 6 |  6.9
Stealth        | 3 4 |  4.0
Spellcasting   | 3 |  3.5
Fighting       | 1 |  1.5
Unarmed Combat | |  0.7

Action                   |  1- 3 |  4- 6 || total
-------------------------+-------+-------++-------
Melee: Unarmed           |     7 |     7 ||    14
       Kick              |     1 |     1 ||     2
 Cast: Magic Dart        |    44 |    83 ||   127
       Searing Ray       |     4 |    17 ||    21
       Dazzling Flash    |       |     1 ||     1
  Use: Scroll            |       |     8 ||     8
 Stab: Sleeping          |     1 |       ||     1
Armor: Robe              |     2 |     9 ||    11
Dodge: Dodged            |    12 |    24 ||    36
